 Dungeon Crawl Stone Soup version 0.30-a0-457-g4b7bca3bfa (webtiles) character file.

Game seed: 8501249180649273158

2445 arthad the Cleaver (level 9, 0/68 (74) HPs)
             Began as a Gnoll Cinder Acolyte on Dec 13, 2022.
             Was a Priest of Ignis.
             Slain by a wight
             ... wielding a +0 short sword
              (4 damage)
             ... on level 7 of the Dungeon.
             The game lasted 00:11:57 (7078 turns).

arthad the Cleaver (Gnoll Cinder Acolyte)           Turns: 7078, Time: 00:11:57

HP:   0/68 (74)     AC: 12    Str: 16    XL:     9   Next: 49%
MP:   17/17         EV: 13    Int: 15    God:    Ignis [***...]
Gold: 374           SH:  0    Dex: 14    Spells: 3/18 levels left

rFire   + . .      SeeInvis .    K - +2 war axe (flame)
rCold   . . .      Faith    .    (no shield)
rNeg    + . .      Spirit   .    A - +2 robe {rN+}
rPois   +          Reflect  .    (no helmet)
rElec   .          Harm     .    j - +0 cloak
rCorr   .          Rampage  .    (no gloves)
Will    .....                    (no boots)
Stlth   +++.......               (no amulet)
HPRegen 0.31/turn                d - +6 ring of dexterity
MPRegen 0.15/turn                C - ring of poison resistance

@: fiery-armoured, drained
A: fangs 1, strong nose, distributed training
a: Renounce Religion, Fiery Armour, Foxfire Swarm, Rising Flame


You were on level 7 of the Dungeon.
You worshipped Ignis.
Ignis was most pleased with you.
You visited 2 branches of the dungeon, and saw 8 of its levels.

You collected 374 gold pieces.

Inventory:

Hand Weapons
 a - a -1 hand axe of flaming
 y - a +0 whip of electrocution
 F - a +0 war axe
 I - a +2 spear of freezing
 K - a +2 war axe of flaming (weapon)
Missiles
 E - 10 poisoned darts (quivered)
Armour
 b - a +0 robe
 j - a +0 cloak (worn)
 A - a +2 robe of positive energy (worn)
 J - a +0 buckler
Jewellery
 d - a +6 ring of dexterity (left hand)
 k - the ring "Wexzicer" {rN+ AC+4}
   (You found it on level 7 of the Dungeon)

   [ring of protection]

   AC:        It affects your AC (+4).
   rN:        It protects you from negative energy.
 v - a ring of ice
 C - a ring of poison resistance (right hand)
 H - a ring of flight
 L - a +4 ring of protection
Wands
 i - a wand of iceblast (12)
 l - a wand of mindburst (5)
Scrolls
 f - 5 scrolls of amnesia
 g - a scroll of fear
 m - 7 scrolls of identify
 r - 2 scrolls of noise
 s - 4 scrolls of teleportation
 t - 5 scrolls of vulnerability {unknown}
 D - 2 scrolls of torment {unknown}
 M - a scroll of blinking {unknown}
Potions
 c - a potion of lignification
 e - 2 potions of flight {unknown}
 h - a potion of ambrosia {unknown}
 n - 4 potions of curing {unknown}
 o - a potion of cancellation {unknown}
 p - 3 potions of heal wounds {unknown}
 q - a potion of mutation {unknown}
 u - 2 potions of degeneration {unknown}
 w - a potion of haste {unknown}
 z - 2 potions of berserk rage {unknown}
 B - a potion of resistance {unknown}


   Skills:
 + Level 8.0 Fighting
 + Level 4.4 Short Blades
 + Level 4.4 Long Blades
 + Level 8.0 Axes
 + Level 4.4 Maces & Flails
 + Level 4.4 Polearms
 + Level 4.4 Staves
 + Level 4.4 Ranged Weapons
 + Level 4.4 Throwing
 + Level 4.4 Armour
 + Level 4.4 Dodging
 + Level 4.4 Stealth
 + Level 4.4 Shields
 + Level 4.4 Unarmed Combat
 + Level 5.3 Spellcasting
 + Level 3.7 Conjurations
 + Level 3.7 Hexes
 + Level 3.7 Summonings
 + Level 3.7 Necromancy
 + Level 3.7 Translocations
 + Level 3.7 Transmutations
 + Level 6.6 Fire Magic
 + Level 3.7 Ice Magic
 + Level 3.7 Air Magic
 + Level 3.7 Earth Magic
 + Level 3.7 Poison Magic
 + Level 4.9 Invocations
 + Level 4.4 Evocations


You had 3 spell levels left.
You knew the following spells:

 Your Spells              Type           Power      Damage    Failure   Level
a - Scorch                Fire           48%        2d7       1%          2
b - Sandblast             Erth           30%        2d9       3%          1
c - Ignite Poison         Fire/Tmut/Pois 18%        N/A       7%          3
d - Kindle Blastsparks    Fire/Tloc/Air  36%        2d13      7%          3
e - Spider Form           Tmut/Pois      15%        N/A       11%         3
f - Stone Arrow           Conj/Erth      30%        3d8       11%         3

Your spell library contained the following spells:

 Spells                   Type           Power      Damage    Failure   Level
 Foxfire                  Conj/Fire      76%        2x1d7     1%          1
 Beastly Appendage        Tmut           30%        N/A       3%          1
 Magic Dart               Conj           60%        1d6       3%          1
 Ensorcelled Hibernation  Hex/Ice        30%        N/A       5%          2
 Passwall                 Tmut/Erth      12%        N/A       5%          2
 Searing Ray              Conj           30%        2d5       5%          2
 Wereblood                Tmut           15%        N/A       5%          2
 Swiftness                Air            15%        N/A       11%         3
 Fulminant Prism          Conj/Hex       7%         3d6       34%         4
 Fireball                 Conj/Fire      9%         3d6       45%         5
 Freezing Cloud           Conj/Ice/Air   7%         6-21      67%         5
 Starburst                Conj/Fire      9%         6d5       96%         6


Dungeon Overview and Level Annotations

Branches:
Dungeon (7/15)             Temple (1/1) D:5

Altars:
Ashenzari
Cheibriados
Dithmenos
Elyvilon
Gozag
Hepliaklqana
Kikubaaqudgha
Makhleb
Nemelex Xobeh
Okawaru
Qazlal
Ru
Sif Muna
Trog
Uskayaw
Vehumet
Wu Jian
Xom
Yredelemnul
Zin
The Shining One

Shops:
D:5 ?


Innate Abilities, Weirdness & Mutations

You have very sharp teeth.
Your uncanny sense of smell can sniff out nearby items.
Your experience applies equally to all skills.


Message History

Unknown command.
You slash the wight! You burn the wight.
The wight is severely damaged.
The wight hits you but does no damage.
You barely miss the wight. You bite the wight, but do no damage.
The wight is severely damaged.
The wight hits you with a +3 battleaxe!
You slash the wight!
You destroy the wight!
You barely miss the wight. You hit the wight. You burn the wight.
You punch the wight, but do no damage.
The wight is moderately damaged.
The wight hits you with a +0 short sword.
You barely miss the wight.
The wight is moderately damaged.
You hit the wight but do no damage. The wight closely misses you.
The wight hits you with a +5 long sword!
* * * LOW HITPOINT WARNING * * *
A protective cloak of flame settles atop you.
The wight hits you with a +5 long sword.
* * * LOW HITPOINT WARNING * * *
You partially resist.
You feel drained.
The wight is burned by your cloak of flames.
The wight is moderately damaged.
The wight hits you but does no damage.
The wight is burned by your cloak of flames.
The wight is moderately damaged.
Unknown command.
Unknown command.
You barely miss the wight.
The wight is moderately damaged.
You slash the wight! You burn the wight.
The orc warrior is poisoned.
The wight hits you with a +5 long sword!
* * * LOW HITPOINT WARNING * * *
You partially resist.
You feel drained.
* * * LOW HITPOINT WARNING * * *
The wight is burned by your cloak of flames.
You destroy the wight!
The wight hits you with a +0 short sword.
You die...

# #.........,* # ###
#.........,**** ## ####.#
#.........,,,,, .### #....#
#...○.....,,,,, ...## #.##.#
#.oo......,,,,, ...'# #.##.#
###§#...?..*,,,, ...'##### #.##.#
#[o.#,#.o..*,,,, ........#
#.##.###°###,*,...,,,,,
........###.##.#@°z# *,*<,,.****+
........'...##.#z### *,*,*,,****,
........######.○☼# *,*,,,,,,**,
.###....# ##### *,*,,,,*,**,
..##....#######*******,*,,***,**,
..#####........,,,,,,,,,,,,,,,,,,
..# #.#######*******,****,****,
#.#####.# *,*,,,,* *, #.....#.#
*,*,*******,


You could see an orc warrior (poisoned), 2 wights and an orc.

Vanquished Creatures
  Pikel (D:4)
  Grinder (D:4)
  Duvessa (D:4)
  A water moccasin (D:5)
  A black bear (D:4)
  3 ogres
  A centaur (D:5)
  A phantom (D:4)
  Blork the orc (D:4)
  A necrophage (D:4)
  A gnoll sergeant (D:5)
  3 scorpions
  2 wights (D:7)
  Dowan (D:4)
  An orc priest (D:4)
  4 hounds
  2 jellies
  3 iguanas
  2 orc wizards (D:4)
  5 gnolls (D:5)
  15 adders
  A shadow imp (D:7)
  2 worms (D:2)
  3 dart slugs
  14 orcs
  6 ball pythons
  8 bats
  7 endoplasms
  3 giant cockroaches
  6 goblins
  A hobgoblin (D:1)
  6 jackals
  10 kobolds
  4 quokkas
  11 frilled lizards
  5 rats
138 creatures vanquished.

Vanquished Creatures (others)
  36 foxfires
  8 plants (D:3)
44 creatures vanquished.

Grand Total: 182 creatures vanquished

Notes
Turn   | Place    | Note
-------+----------+-------------------------------------------
     0 | D:1      | arthad the Gnoll Cinder Acolyte began the quest for the
                  | Orb.
     0 | D:1      | Reached XP level 1. HP: 23/23 MP: 4/4
   207 | D:1      | Reached XP level 2. HP: 28/29 MP: 5/5
   328 | D:1      | Learned a level 2 spell: Scorch
   877 | D:2      | Reached XP level 3. HP: 35/35 MP: 7/7
   916 | D:2      | Reached skill level 1 in Invocations
   933 | D:2      | Found a faded altar of an unknown god.
  1000 | D:2      | Reached skill level 1 in Short Blades
  1000 | D:2      | Reached skill level 1 in Long Blades
  1000 | D:2      | Reached skill level 1 in Maces & Flails
  1000 | D:2      | Reached skill level 1 in Polearms
  1000 | D:2      | Reached skill level 1 in Staves
  1000 | D:2      | Reached skill level 1 in Ranged Weapons
  1000 | D:2      | Reached skill level 1 in Throwing
  1000 | D:2      | Reached skill level 1 in Armour
  1000 | D:2      | Reached skill level 1 in Dodging
  1000 | D:2      | Reached skill level 1 in Stealth
  1000 | D:2      | Reached skill level 1 in Shields
  1000 | D:2      | Reached skill level 1 in Unarmed Combat
  1000 | D:2      | Reached skill level 1 in Evocations
  1088 | D:2      | Reached XP level 4. HP: 14/41 MP: 8/8
  1306 | D:2      | Reached skill level 1 in Conjurations
  1306 | D:2      | Reached skill level 1 in Hexes
  1306 | D:2      | Reached skill level 1 in Summonings
  1306 | D:2      | Reached skill level 1 in Necromancy
  1306 | D:2      | Reached skill level 1 in Translocations
  1306 | D:2      | Reached skill level 1 in Transmutations
  1306 | D:2      | Reached skill level 1 in Ice Magic
  1306 | D:2      | Reached skill level 1 in Air Magic
  1306 | D:2      | Reached skill level 1 in Earth Magic
  1306 | D:2      | Reached skill level 1 in Poison Magic
  1858 | D:3      | Noticed an ogre
  1865 | D:3      | Killed an ogre
  1866 | D:3      | Reached XP level 5. HP: 47/47 MP: 9/9
  2501 | D:3      | Reached XP level 6. HP: 43/53 MP: 11/11
  2881 | D:4      | Noticed Pikel
  2889 | D:4      | Killed Pikel
  2890 | D:4      | Reached XP level 7. HP: 58/60 MP: 11/13
  3075 | D:4      | Noticed Grinder
  3089 | D:4      | Killed Grinder
  3090 | D:4      | Reached XP level 8. HP: 28/67 MP: 14/14
  3245 | D:4      | Noticed Blork the orc
  3252 | D:4      | Killed Blork the orc
  3693 | D:4      | Noticed Dowan
  3695 | D:4      | Noticed Duvessa
  3699 | D:4      | Killed Dowan
  3705 | D:4      | Killed Duvessa
  3848 | D:4      | Learned a level 1 spell: Sandblast
  3852 | D:4      | Learned a level 3 spell: Ignite Poison
  3856 | D:4      | Learned a level 3 spell: Kindle Blastsparks
  3860 | D:4      | Learned a level 3 spell: Spider Form
  3864 | D:4      | Learned a level 3 spell: Stone Arrow
  4261 | D:5      | Entered Level 5 of the Dungeon
  4297 | D:5      | Reached XP level 9. HP: 36/73 MP: 16/16
  4476 | D:5      | Reached skill level 5 in Spellcasting
  4756 | D:5      | Found a staircase to the Ecumenical Temple.
  4768 | D:5      | HP: 3/74 [gnoll sergeant/+2 spear of freezing (1)]
  4800 | Temple   | Entered the Ecumenical Temple
  5921 | D:5      | Found Yruodgh's Magic Scroll Boutique.
  6895 | D:7      | Identified the ring "Wexzicer" {rN+ AC+4}
  7078 | D:7      | Slain by a wight

Illustrated notes

Levels and vault maps discovered:
D:1:      sevenhm_arrival_forest_fort_small_5, layout_loops_ring
D:2:      layout_basic, ebering_ecumenical_altar_petrified,
          minmay_quadrilaterals
D:3:      layout_basic, minmay_lizard_king
D:4:      layout_gridville, minmay_quantized, uniq_duvessa, uniq_pikel,
          uniq_blork_the_orc, uniq_grinder
D:5:      layout_gridville, temple_fountains, serial_shops, shop
D:6:      layout_basic
D:7:      layout_basic
Temple:   kilobyte_greek_temple

Skill      XL: |  1  2  3  4  5  6  7  8  9 |
---------------+----------------------------+-----
Invocations    | 1 2 3 4 |  4.9
Short Blades   | 1 2 3 4 |  4.4
Long Blades    | 1 2 3 4 |  4.4
Maces & Flails | 1 2 3 4 |  4.4
Polearms       | 1 2 3 4 |  4.4
Staves         | 1 2 3 4 |  4.4
Ranged Weapons | 1 2 3 4 |  4.4
Throwing       | 1 2 3 4 |  4.4
Armour         | 1 2 3 4 |  4.4
Dodging        | 1 2 3 4 |  4.4
Stealth        | 1 2 3 4 |  4.4
Shields        | 1 2 3 4 |  4.4
Unarmed Combat | 1 2 3 4 |  4.4
Evocations     | 1 2 3 4 |  4.4
Spellcasting   | 3 4 5 |  5.3
Conjurations   | 1 2 3 |  3.7
Hexes          | 1 2 3 |  3.7
Summonings     | 1 2 3 |  3.7
Necromancy     | 1 2 3 |  3.7
Translocations | 1 2 3 |  3.7
Transmutations | 1 2 3 |  3.7
Ice Magic      | 1 2 3 |  3.7
Air Magic      | 1 2 3 |  3.7
Earth Magic    | 1 2 3 |  3.7
Poison Magic   | 1 2 3 |  3.7
Fighting       | 7 8 |  8.0
Axes           | 7 8 |  8.0
Fire Magic     | 6 |  6.6

Action                   |  1- 3 |  4- 6 |  7- 9 || total
-------------------------+-------+-------+-------++-------
Melee: Hand axe          |    78 |   121 |   203 ||   402
       Bite              |     9 |     8 |    21 ||    38
       Punch             |       |     1 |    10 ||    11
       War axe           |       |       |    46 ||    46
Throw: Dart              |       |       |     7 ||     7
 Cast: Scorch            |       |       |     8 ||     8
       Kindle Blastspark |       |       |     2 ||     2
       Stone Arrow       |       |       |     4 ||     4
Invok: Foxfire Swarm     |       |       |     3 ||     3
       Fiery Armour      |       |       |     3 ||     3
Evoke: Wand              |       |     6 |     4 ||    10
  Use: Scroll            |       |     2 |     8 ||    10
 Stab: Sleeping          |     3 |     2 |     5 ||    10
Armor: Robe              |    19 |    29 |    55 ||   103
Dodge: Dodged            |    48 |    85 |   157 ||   290

Table legend: (Time is in decaauts)
 A = Elapsed time spent in this place.
 B = Non-inter-level travel time spent in this place.
 C = Inter-level travel time spent in this place.
 D = Time resting spent in this place.
 E = Time spent auto-exploring this place.
 F = Levels seen in this place.
 G = Mean time per level.
                   A        B        C        D        E       F      G
               +--------+--------+--------+--------+--------+-----+--------+
         Total |   7058 |   6820 |    238 |    680 |   5076 |   8 |  882.2 |
       Dungeon |   6660 |   6458 |    202 |    676 |   4725 |   7 |  951.4 |
        Temple |    397 |    361 |     36 |      4 |    351 |   1 |  397.0 |
               +--------+--------+--------+--------+--------+-----+--------+

Top non-repeatable levels by time:
     D:4: 1369 daAuts
     D:5: 1335 daAuts
     D:3: 1086 daAuts
     D:2: 939 daAuts
     D:1: 849 daAuts
     D:6: 826 daAuts
  Temple: 397 daAuts
     D:7: 253 daAuts
